 Dungeon Crawl Stone Soup version 0.25.0-15-gac7dcb8919 (webtiles) character file.

Game seed: 5402304213397189633

(classic levelgen) 2470615 EnegeticOcto the Cardsharp (level 27, 173/173 HPs)
             Began as a Vine Stalker Air Elementalist on June 28, 2020.
             Was a High Priest of Nemelex Xobeh.
             Escaped with the Orb
             ... and 4 runes!
             The game lasted 02:06:44 (63484 turns).

EnegeticOcto the Cardsharp (VSAE)                  Turns: 63484, Time: 02:06:44

Health: 173/173    AC: 42    Str: 19 (20) XL:     27
Magic:  39/39      EV: 11    Int: 18      God:    Nemelex Xobeh [*****.]
Gold:   3020       SH: 30    Dex: 19      Spells: 29/30 levels left

rFire    + + +     SeeInvis +   d - +18 lance "Wyrmbane" {slay drac, rPois rF+ rC+ AC+3}
rCold    + + +     Gourm    .   x - +8 tower shield
rNeg     + + +     Faith    +   R - +8 plate armour {rF+}
rPois    +         Spirit   +   u - +1 helmet of Kikubaaqudgha's Favour {rElec rF- rN+++ SInv}
rElec    +         Reflect  .   O - +4 cloak "Ytos" {+Blink rElec rF+++ Int-3}
rCorr    +         Harm     .   S - +2 pair of gloves
MR       ++++.                  t - +1 pair of boots of the Stone Wall {rF+ rCorr}
Stlth    ..........             X - amulet of the Trilobite {Faith *Contam rC+ rN+++ Stlth-}
HPRegen  1.18/turn              U - ring of Attitude {rF+ rC+ AC+4 Stlth+}
MPRegen  0.26/turn              f - ring "Purabb" {rC+ MR+ AC+4 Int+4}

@: no status effects
A: fangs 3, clever 1, deformed body, regeneration 2, robust 1, wild magic 1,
magic shield, antimagic bite, no potion heal 3, rot immunity
0: Orb of Zot
}: 4/15 runes: barnacled, slimy, silver, gossamer
a: Draw Escape, Draw Destruction, Draw Summoning, Draw Stack, Triple Draw, Deal
Four, Stack Five, Renounce Religion, Evoke Blink


You escaped.
You worshipped Nemelex Xobeh.
Nemelex Xobeh was extremely pleased with you.
You were full.

You visited 10 branches of the dungeon, and saw 54 of its levels.
You visited 1 bazaar.
You also visited: Trove, Sewer and Gauntlet.

You collected 14412 gold pieces.
You spent 11392 gold pieces at shops.

Inventory:

Hand Weapons
 d - the +18 lance "Wyrmbane" (weapon) {slay drac, rPois rF+ rC+ AC+3}
   (You bought it in a shop in a bazaar)

   It affects your AC (+3).
   It protects you from fire.
   It protects you from cold.
   It protects you from poison.
 Y - the +8 demon trident "Rift" {distort, reach+}
   (You found it on level 3 of the Elven Halls)

   It warps and distorts space around it.
   Unwielding it can cause banishment or high damage.
Missiles
 q - 4 throwing nets {!f}
 y - 8 curare-tipped darts
 L - 39 javelins
 M - 51 boomerangs
 T - 43 silver javelins (quivered)
Armour
 t - the +1 pair of boots of the Stone Wall (worn) {rF+ rCorr}
   (You bought it in a shop in a bazaar)

   It protects you from fire.
   It provides partial protection from all sources of acid and corrosion.
 u - the +1 helmet of Kikubaaqudgha's Favour (worn) {rElec rF- rN+++ SInv}
   (You found it on level 5 of the Vaults)

   It makes you vulnerable to fire.
   It insulates you from electricity.
   It renders you almost immune to negative energy.
   It lets you see invisible.
 x - a +8 tower shield (worn)
 O - the +4 cloak "Ytos" (worn) {+Blink rElec rF+++ Int-3}
   (You bought it in a shop in a bazaar)

   It affects your intelligence (-3).
   It renders you almost immune to fire.
   It insulates you from electricity.
   It lets you blink.
 R - a +8 plate armour of fire resistance (worn)
 S - a +2 pair of gloves (worn)
Jewellery
 f - the ring "Purabb" (right hand) {rC+ MR+ AC+4 Int+4}
   (You took it off a fire giant on level 4 of the Depths)

   [ring of protection]

   It affects your AC (+4).
   It affects your intelligence (+4).
   It protects you from cold.
   It affects your resistance to hostile enchantments.
 U - the ring of Attitude (left hand) {rF+ rC+ AC+4 Stlth+}
   (You found it in a Gauntlet)

   [ring of protection]

   It affects your AC (+4).
   It protects you from fire.
   It protects you from cold.
   It makes you more stealthy.
 X - the amulet of the Trilobite (around neck) {Faith *Contam rC+ rN+++ Stlth-}
   (You acquired it on level 3 of the Elven Halls)

   [amulet of faith]

   It allows you to gain divine favour quickly.
   It protects you from cold.
   It renders you almost immune to negative energy.
   It causes magical contamination when unequipped.
   It makes you less stealthy.
Wands
 s - a wand of clouds (16)
 B - a wand of enslavement (22)
 J - a wand of digging (30) {@v3}
 K - a wand of paralysis (41)
 N - a wand of iceblast (25) {@v2}
 Q - a wand of acid (47) {@v1}
Scrolls
 h - 3 scrolls of magic mapping {@r5 !r}
 j - 16 scrolls of identify {@r1}
 m - 15 scrolls of teleportation {@r3 !r}
 o - 5 scrolls of blinking {@r4}
 A - 3 scrolls of fear {!r}
 F - 5 scrolls of immolation
 H - 6 scrolls of fog {!r}
 I - 2 scrolls of holy word
 W - 2 scrolls of silence
Potions
 a - 2 potions of berserk rage
 b - 7 potions of ambrosia
 g - 8 potions of resistance
 i - 26 potions of curing {@q1 !q}
 k - 10 potions of stabbing {@q5 !q}
 l - 3 potions of lignification {@q6}
 n - 4 potions of cancellation
 w - 7 potions of magic
 z - 16 potions of might {@q3 !q}
 D - 11 potions of mutation
 E - 4 potions of flight
 P - 5 potions of haste {@q4 !q}
 V - a potion of invisibility
Miscellaneous
 p - 7 boxes of beasts
 r - a phial of floods
 v - 3 phantom mirrors
 C - a tin of tremorstones (2/3)
 G - a lightning rod (4/4)
Comestibles
 e - 77 rations


   Skills:
 + Level 20.6 Fighting
   Level 10.1 Short Blades
 - Level 12.0 Polearms
 - Level 16.0 Throwing
 - Level 10.0 Armour
 - Level 10.0 Dodging
 - Level 2.4 Stealth
 - Level 19.6 Shields
 - Level 2.1 Spellcasting
 - Level 1.0 Conjurations
 - Level 3.0 Air Magic
 + Level 22.4 Invocations
 - Level 9.0 Evocations


You had 29 spell levels left.
You knew the following spells:

 Your Spells              Type           Power        Failure   Level  Hunger
a - Shock                 Conj/Air       ##..         98%         1    #......

Your spell library contained the following spells:

 Spells                   Type           Power        Failure   Level  Hunger
 Animate Skeleton         Necr           N/A          100%        1    #......
 Apportation              Tloc           #.....       100%        1    #......
 Beastly Appendage        Tmut           #.....       100%        1    #......
 Corona                   Hex            #......      100%        1    #......
 Foxfire                  Conj/Fire      #...         100%        1    #......
 Freeze                   Ice            #...         100%        1    #......
 Pain                     Necr           #...         100%        1    #......
 Sandblast                Erth           #.....       100%        1    #......
 Sting                    Tmut/Pois      #...         100%        1    #......
 Summon Butterflies       Summ           #.......     100%        1    #......
 Call Imp                 Summ           #.......     100%        2    ###....
 Corpse Rot               Necr/Air       N/A          100%        2    ###....
 Ensorcelled Hibernation  Hex/Ice        #.....       100%        2    ###....
 Passwall                 Tmut/Erth      #.......     100%        2    ###....
 Poisonous Vapours        Pois/Air       #.....       100%        2    ###....
 Slow                     Hex            #.......     100%        2    ###....
 Sticks to Snakes         Tmut           #.......     100%        2    ###....
 Sublimation of Blood     Necr           #.........   100%        2    ###....
 Swiftness                Chrm/Air       #.......     100%        2    ###....
 Call Canine Familiar     Summ           #.......     100%        3    ###....
 Confusing Touch          Hex            #.......     100%        3    ###....
 Conjure Flame            Conj/Fire      #.......     100%        3    ###....
 Dazzling Flash           Conj/Hex       #.....       100%        3    ###....
 Frozen Ramparts          Ice            #.....       100%        3    ###....
 Gell's Gravitas          Tloc           #.........   100%        3    ###....
 Ignite Poison            Fire/Tmut/Pois #.......     100%        3    ###....
 Inner Flame              Hex/Fire       #.......     100%        3    ###....
 Lesser Beckoning         Tloc           #.........   100%        3    ###....
 Mephitic Cloud           Conj/Pois/Air  #.......     100%        3    ###....
 Ozocubu's Armour         Chrm/Ice       #.......     100%        3    ###....
 Portal Projectile        Hex/Tloc       #.....       100%        3    ###....
 Recall                   Summ/Tloc      N/A          100%        3    ###....
 Spider Form              Tmut/Pois      #.........   100%        3    ###....
 Static Discharge         Conj/Air       ##......     100%        3    ###....
 Stone Arrow              Conj/Erth      #.....       100%        3    ###....
 Summon Guardian Golem    Hex/Summ       #.......     100%        3    ###....
 Tukima's Dance           Hex            #.......     100%        3    ###....
 Vampiric Draining        Necr           #.........   100%        3    ###....
 Airstrike                Air            ###.......   100%        4    #####..
 Animate Dead             Necr           N/A          100%        4    #####..
 Cause Fear               Hex            #.........   100%        4    #####..
 Dispel Undead            Necr           #.......     100%        4    #####..
 Hailstorm                Conj/Ice       #.......     100%        4    #####..
 Ice Form                 Ice/Tmut       #.......     100%        4    #####..
 Leda's Liquefaction      Hex/Erth       #.........   100%        4    #####..
 Olgreb's Toxic Radiance  Pois           #.......     100%        4    #####..
 Petrify                  Tmut/Erth      #.......     100%        4    #####..
 Sticky Flame             Conj/Fire      #.......     100%        4    #####..
 Summon Ice Beast         Ice/Summ       #.......     100%        4    #####..
 Summon Lightning Spire   Summ/Air       #.......     100%        4    #####..
 Agony                    Necr           #.......     100%        5    ######.
 Alistair's Intoxication  Tmut/Pois      #.......     100%        5    ######.
 Aura of Abjuration       Summ           #.........   100%        5    ######.
 Blade Hands              Tmut           #.........   100%        5    ######.
 Bolt of Magma            Conj/Fire/Erth #.........   100%        5    ######.
 Borgnjor's Vile Clutch   Necr/Erth      #.........   100%        5    ######.
 Excruciating Wounds      Chrm/Necr      #.........   100%        5    ######.
 Fireball                 Conj/Fire      #.........   100%        5    ######.
 Irradiate                Conj/Tmut      #.........   100%        5    ######.
 Iskenderun's Battlesphe  Conj/Chrm      #.......     100%        5    ######.
 Lee's Rapid Deconstruct  Erth           #.........   100%        5    ######.
 Lightning Bolt           Conj/Air       ##........   100%        5    ######.
 Metabolic Englaciation   Hex/Ice        #.........   100%        5    ######.
 Silence                  Hex/Air        #.........   100%        5    ######.
 Summon Demon             Summ           #.........   100%        5    ######.
 Summon Forest            Summ/Tloc      #.........   100%        5    ######.
 Summon Mana Viper        Hex/Summ       #.......     100%        5    ######.
 Yara's Violent Unravell  Hex/Tmut       #.........   100%        5    ######.
 Conjure Ball Lightning   Conj/Air       ##........   100%        6    #######
 Death Channel            Necr           #.........   100%        6    #######
 Eringya's Noxious Bog    Tmut/Pois      #.........   100%        6    #######
 Freezing Cloud           Conj/Ice/Air   #.........   100%        6    #######
 Invisibility             Hex            #.......     100%        6    #######
 Iron Shot                Conj/Erth      #.........   100%        6    #######
 Shadow Creatures         Summ           N/A          100%        6    #######
 Simulacrum               Ice/Necr       #.........   100%        6    #######
 Starburst                Conj/Fire      #.........   100%        6    #######
 Orb of Destruction       Conj           #.........   100%        7    #######
 Ring of Flames           Chrm/Fire      #.........   100%        7    #######
 Spellforged Servitor     Conj/Summ      #.........   100%        7    #######
 Summon Hydra             Summ           #.........   100%        7    #######
 Discord                  Hex            #.........   100%        8    #######
 Ignition                 Fire           #.........   100%        8    #######
 Tornado                  Air            ###.......   100%        9    #######


Dungeon Overview and Level Annotations

Branches:
Dungeon (15/15)            Temple (0/1) D:4            Lair (6/6) D:9
 Shoals (4/4) Lair:3       Spider (4/4) Lair:4        Slime (5/5) Lair:6
    Orc (2/2) D:11            Elf (3/3) Orc:2        Vaults (5/5) D:14
  Crypt (0/3) Vaults:2     Depths (5/5) D:15            Zot (5/5) Depths:5
  Sewer (visited)         Gauntlet (visited)

Altars:
Ashenzari
Dithmenos
Elyvilon
Hepliaklqana
Kikubaaqudgha
Nemelex Xobeh
Okawaru
Trog
Vehumet
Xom
Yredelemnul
Beogh
Jiyva

Shops:
D:7 *   D:9 (*?((   D:11 [   Orc:2 }**?   Elf:1 =   Shoals:2 *   Shoals:4 (
Vaults:1 !   Vaults:4 [%   Vaults:5 =}}!!!

Portals:
Hell: Depths:1 Depths:2 Depths:4 Depths:5
Abyss: Elf:2 Depths:3 Depths:5
Ziggurat: Depths:3

Annotations:
D:4 2 transporters
D:5 2 transporters, triki's ghost, novice FoAM
Shoals:1 1 exclusion
Shoals:4 3 runed translucent doors, Flugkiller's ghost, adept DECK
Elf:2 3 runed translucent doors, 2 transporters, Heg Cuhi's ghost, adept MiFi
Depths:3 3 runed translucent doors, exclusions: eye of devastation, great orb of eyes and 2 more exclusions, Xinkos's ghost, legendary DrMo
Depths:5 3 runed translucent doors, Gont's ghost, legendary DrMo
Zot:2 exclusion: door
Zot:5 1 exclusion


Innate Abilities, Weirdness & Mutations

You have razor-sharp teeth.
You heal very quickly.
When hurt, damage is shared between your health and your magic reserves.
Your bite disrupts and absorbs the magic of your enemies.
Potions cannot restore your health.
You are immune to rotting.
Your mind is acute. (Int +2)
Armour fits poorly on your strangely shaped body.
You are robust. (+10% HP)
Your spells are a little harder to cast, but a little more powerful.


Message History

Your plate armour prevents you from hitting the Orb Guardian.
Attack whom?
Press: ? - help, Dir - move target cursor, f/p - Orb Guardian
Aim: an Orb Guardian You reach to attack!
You puncture the Orb Guardian!
The Orb Guardian is lightly wounded.
You puncture the Orb Guardian! Your bite misses the Orb Guardian.
The Orb Guardian is moderately wounded.
You block the Orb Guardian's attack.
You hit the Orb Guardian.
You bite the Orb Guardian, but do no damage.
The Orb Guardian is heavily wounded.
You hit the Orb Guardian but do no damage.
You bite the Orb Guardian, but do no damage.
The Orb Guardian is heavily wounded.
You block the Orb Guardian's attack.
You puncture the Orb Guardian!
The Orb Guardian is heavily wounded.
You block the Orb Guardian's attack.
You puncture the Orb Guardian! Your bite misses the Orb Guardian.
The Orb Guardian is severely wounded.
You block the Orb Guardian's attack.
You hit the Orb Guardian. Your bite misses the Orb Guardian.
The Orb Guardian is severely wounded.
Your plate armour prevents you from hitting the Orb Guardian.
Your bite misses the Orb Guardian.
The Orb Guardian is severely wounded.
You block the Orb Guardian's attack.
You puncture the Orb Guardian! Your bite misses the Orb Guardian.
The Orb Guardian is almost dead.
The Orb Guardian hits you but does no damage.
You impale the Orb Guardian!!
You kill the Orb Guardian!
You feel your intelligence returning.
No target in view!
(D) Dungeon (T) Temple (L) Lair (A) Shoals (N) Spider Nest (M) Slime Pits (O) Orcish Mines (E) Elven Halls (V) Vaults (C) Crypt (U) Depths (H) Hell (Z) Zot
Where to? (Enter - D:1 @ (x,y), ? - help)
There is a stone staircase leading up here.
You climb upwards.
There is a stone staircase leading down here.
Magic restored.
A red devil comes into view. It is wielding a +0 trident.
There is a stone staircase leading up here.
You puncture the red devil!
You bite the red devil, but do no damage.
The red devil is heavily wounded.
You impale the red devil!!
You kill the red devil!
No target in view!
(D) Dungeon (T) Temple (L) Lair (A) Shoals (N) Spider Nest (M) Slime Pits (O) Orcish Mines (E) Elven Halls (V) Vaults (C) Crypt (U) Depths (H) Hell (Z) Zot
Where to? (Enter - D:1 @ (x,y), ? - help)
You climb upwards.
There is a stone staircase leading down here.
You see here a leather armour.
There is a stone staircase leading up here.
You climb upwards.
There is a stone staircase leading down here.
A red devil comes into view. It is wielding a +0 trident.
A red devil comes into view. It is wielding a +0 trident.
A sun demon comes into view.
The sun demon shouts!
A balrug comes into view.
It is wielding a +0 demon whip of flaming.
The balrug shouts!
A reaper and a gelid demonspawn come into view.
The reaper is wielding a +0 scythe of venom.
The gelid demonspawn is wielding a +0 long sword of protection.
The balrug gestures at you. Something smites you!
The gelid demonspawn moves out of view.
There is a stone staircase leading up here.
You climb upwards.
Level annotation: 2 transporters, triki's ghost, novice FoAM
There is a stone staircase leading down here.
(D) Dungeon (T) Temple (L) Lair (A) Shoals (N) Spider Nest (M) Slime Pits (O) Orcish Mines (E) Elven Halls (V) Vaults (C) Crypt (U) Depths (H) Hell (Z) Zot
Where to? (Enter - D:1 @ (x,y), ? - help) HP restored.
There is a stone staircase leading up here.
The adder hisses angrily.
You climb upwards.
Level annotation: 2 transporters
There is a stone staircase leading down here.
There is a stone staircase leading up here.
You climb upwards.
There is a stone staircase leading down here.
There is a stone staircase leading up here.
You climb upwards.
There is a stone staircase leading down here.
There is a stone staircase leading up here.
You climb upwards.
There is a stone staircase leading down here.
There is an open door here.
There is a staircase leading out of the dungeon here.
You have escaped!

#######......###....^#..........
#.......####.##..#####..........
##.....#.# #..#########.........
.......#.# ######8.8###.........
##.....#.# #.##......#.........
#.....#.# #.##......#.........
########.# ##.##..8...#........#
# #.# #..#8......#......### #
### #.##@......'......#.. #
#.##8......#.....##.. #
#.###..8...#......#.. # #####
#.# #......#......#.. ##
#...#####.# #......#......#..
.####.......#.#
##8.8###.....##..
........#.....# ##### ##...###..
###.#..###..#.## ##### #.. #
#...#####....# #..


There were no monsters in sight!

Vanquished Creatures
  the Royal Jelly (Slime:5)
  2 orbs of fire
  2 ancient liches
  2 juggernauts
  Bai Suzhen (Shoals:3)
  2 caustic shrikes (Depths:4)
  8 golden dragons
  Nikola (Shoals:4)
  A Tzitzimitl (Depths:5)
  An iron giant (Vaults:1)
  An electric golem (Zot:5)
  7 liches
  6 tentacled monstrosities
  4 quicksilver dragons
  12 Orb Guardians
  3 titans
  3 deep elf master archers (Elf:3)
  2 deep elf blademasters (Elf:3)
  An Executioner (D:15)
  13 acid blobs
  5 sphinxes
  3 death cobs (Zot:2)
  A revenant (Vaults:1)
  6 tengu reavers
  8 storm dragons
  8 azure jellies
  Donald (Vaults:1)
  10 shadow dragons
  6 draconian knights
  10 deep elf sorcerers
  5 ghost moths
  4 draconian scorchers
  Aizul (Spider:1)
  8 frost giants
  13 fire giants
  17 vault wardens
  A caustic shrike zombie (Depths:3)
  5 deep elf elementalists
  4 draconian shifters
  4 spriggan defenders
  Louise (Shoals:3)
  A juggernaut zombie (Depths:4)
  5 emperor scorpions
  19 ironheart preservers
  A draconian stormcaller (Zot:4)
  18 stone giants
  3 vampire knights
  4 green draconians
  4 draconian annihilators
  A war gargoyle (Vaults:5)
  7 deep elf demonologists
  17 very ugly things
  5 entropy weavers
  Azrael (Spider:3)
  10 deep elf annihilators
  4 white draconians
  11 black draconians
  A red draconian (Zot:4)
  A minotaur (Gauntlet)
  6 spark wasps
  10 yellow draconians
  5 purple draconians
  6 merfolk javelineers
  3 deep elf death magi
  3 death oozes (Slime:5)
  13 ettins
  6 merfolk impalers
  Josephine (D:10)
  10 fire dragons
  6 great orbs of eyes
  34 vault guards
  6 deep elf high priests
  16 yaktaur captains
  10 ice dragons
  Erolcha (D:13)
  8 hydras
  3 rakshasas
  2 spriggan air magi
  A hell beast (Depths:1)
  4 merfolk avatars
  2 alligator snapping turtles
  5 death knights
  10 centaur warriors
  3 catoblepae
  A two-headed ogre (shapeshifter) (Depths:5)
  18 ogre magi
  4 merfolk aquamancers
  8 deep troll shamans
  3 deep troll earth magi
  3 death yaks (Lair:6)
  2 queen ants
  15 dancing weapons
  54 two-headed ogres
  A vampire mage (Vaults:1)
  4 tengu warriors
  Urug (Orc:1)
  4 satyrs
  8 spriggan berserkers
  An orc high priest (Orc:2)
  15 deep elf knights
  3 iron trolls
  A shadow wraith (Vaults:2)
  2 skeletal warriors
  A storm dragon skeleton (Depths:4)
  5 flayed ghosts
  13 sea snakes
  2 golden dragon zombies
  4 unseen horrors
  An unseen horror (shapeshifter) (Vaults:3)
  6 wizards
  5 glowing orange brains
  16 deep trolls
  6 hell knights
  A swamp dragon (Depths:2)
  19 deep elf archers
  A wolf spider zombie (D:14)
  2 lindwurms (Lair:6)
  15 ironbrand convokers
  17 orc knights
  9 harpies
  7 phantasmal warriors
  A golden dragon skeleton (Depths:2)
  20 orb spiders
  A mana viper (Depths:3)
  11 necromancers
  46 deep elf magi
  36 wolf spiders
  2 fire giant zombies
  12 manticores
  A stone giant zombie (Depths:3)
  36 ugly things
  10 cyclopes
  A wolf spider (shapeshifter) (Vaults:5)
  4 shining eyes
  6 orc sorcerers
  9 fauns
  2 shadow dragon skeletons
  15 moths of wrath
  A faun (shapeshifter) (Vaults:5)
  3 elephants
  3 centaur zombies
  3 stone giant skeletons (Vaults:1)
  A gargoyle (D:14)
  An apocalypse crab (Zot:2)
  A water nymph (shapeshifter) (Vaults:4)
  A tengu skeleton (Depths:4)
  3 eyes of devastation
  10 vault sentinels
  2 guardian serpents (shapeshifter)
  An ice statue (Shoals:2)
  A smoke demon (Gauntlet)
  6 black mambas
  3 frost giant skeletons
  11 merfolk sirens
  3 torpor snails
  7 spiny frogs
  5 water nymphs
  5 spectral swamp worms (Depths:2)
  A storm dragon simulacrum (Vaults:1)
  2 human zombies (Vaults:1)
  9 freezing wraiths
  A spriggan skeleton (Depths:3)
  2 minotaur zombies (Gauntlet)
  5 rime drakes
  7 komodo dragons
  A kobold demonologist (D:15)
  13 demonic crawlers
  A yaktaur (shapeshifter) (Depths:2)
  A yaktaur zombie (Vaults:3)
  2 red devils
  2 efreet
  5 tengu conjurers
  66 yaktaurs
  23 merfolk
  A guardian mummy (D:12)
  36 jumping spiders
  A tyrant leech (shapeshifter) (Depths:2)
  4 wind drakes
  8 trolls
  A polar bear (Lair:5)
  3 shadow dragon simulacra
  43 slime creatures
  A polar bear (shapeshifter) (D:14)
  2 wind drakes (shapeshifter)
  27 hornets
  A sphinx simulacrum (Vaults:1)
  Prince Ribbit (Lair:1)
  14 dream sheep
  15 blink frogs
  18 hippogriffs
  10 snapping turtles
  A dream sheep (shapeshifter) (Depths:5)
  6 large abominations
  81 redbacks
  10 spriggans
  16 water elementals
  3 air elementals (Elf:1)
  24 tarantellas
  A ynoxinul (Gauntlet)
  A tarantella (shapeshifter) (Depths:4)
  2 wyverns
  6 fire elementals
  An ettin skeleton (Depths:3)
  A wyvern (shapeshifter) (Vaults:5)
  6 golden eyes (Depths:2)
  8 wraiths
  A yak (shapeshifter) (Vaults:1)
  5 basilisks
  A golden eye (shapeshifter) (Vaults:2)
  19 yaks
  A warg (shapeshifter) (Vaults:5)
  2 wargs (Orc:2)
  A yaktaur simulacrum (Vaults:3)
  An elf skeleton (Depths:3)
  2 swamp worms (Lair:5)
  4 vampire mosquitoes (D:15)
  2 acid dragons
  15 soldier ants (Lair:6)
  11 water moccasins
  A floating eye (shapeshifter) (Vaults:5)
  8 porcupines
  3 hell hounds
  2 floating eyes
  55 orc warriors
  A black bear (shapeshifter) (D:15)
  4 eyes of draining
  8 ice beasts
  A spriggan simulacrum (Depths:1)
  An elf zombie (Vaults:1)
  3 phantoms
  2 necrophages (D:12)
  A sky beast (D:14)
  55 ogres
  32 centaurs
  A human skeleton (Vaults:3)
  4 wolves
  A crocodile (shapeshifter) (Vaults:2)
  11 crocodiles
  8 big kobolds
  18 bullfrogs
  A deep troll simulacrum (Vaults:1)
  2 earth elementals (Elf:2)
  A glowing shapeshifter simulacrum (Depths:2)
  3 human simulacra
  A hornet simulacrum (D:15)
  7 small abominations (Depths:1)
  A scorpion (D:13)
  4 wights
  5 howler monkeys
  5 electric eels
  2 bullfrog zombies
  13 crimson imps
  A quasit (D:13)
  5 jellies
  30 orc priests
  3 bullfrog skeletons
  3 centaur skeletons
  4 hounds
  4 iron imps (Gauntlet)
  9 iguanas
  27 orc wizards
  32 worker ants
  A killer bee zombie (D:8)
  A hound zombie (D:10)
  A hound skeleton (D:4)
  A howler monkey zombie (D:6)
  20 adders
  8 gnolls
  A river rat (Sewer)
  A shadow imp (D:5)
  7 oozes
  An adder zombie (D:9)
  4 worms
  A dart slug (D:3)
  7 leopard geckos
  140 orcs
  4 ball pythons
  10 giant cockroaches
  2 goblins
  7 hobgoblins
  15 jackals
  A quokka (D:5)
  A ball python skeleton (D:4)
  4 bats
  6 frilled lizards
  14 kobolds
  2 leopard gecko zombies
  A quokka zombie (D:9)
  9 rats
  A crawling corpse (Vaults:5)
  A demonic plant (Gauntlet)
  A plant (Lair:6)
  A tentacle (Shoals:2)
2259 creatures vanquished.

Vanquished Creatures (collateral kills)
  An orb of fire (Zot:5)
  Mara (Shoals:3)
  3 Orb Guardians (Zot:5)
  A deep elf blademaster (Elf:3)
  A deep elf master archer (Elf:3)
  2 storm dragons
  An azure jelly (Slime:5)
  A deep elf sorcerer (Elf:3)
  2 ghost moths
  2 emperor scorpions (Spider:4)
  A deep elf elementalist (Depths:2)
  2 very ugly things (Depths:1)
  2 spark wasps
  3 deep elf annihilators (Elf:3)
  A merfolk javelineer (Shoals:4)
  A merfolk impaler (Shoals:4)
  2 great orbs of eyes
  Harold (D:8)
  Fannar (Lair:3)
  2 merfolk avatars
  A merfolk aquamancer (Shoals:4)
  A death yak (Lair:3)
  A sea snake (Shoals:3)
  An ugly thing (Depths:1)
  A cyclops (Shoals:4)
  4 merfolk (Shoals:4)
  3 blink frogs (Lair:2)
  A slime creature (Slime:5)
  3 redbacks (Spider:4)
  2 water elementals (Shoals:4)
  A tarantella (Spider:4)
  Grum (D:8)
  2 wolves (D:8)
  A bullfrog (D:8)
  An orc priest (D:8)
  3 orcs (D:8)
58 creatures vanquished.

Vanquished Creatures (others)
  A deep elf high priest (Elf:3)
  A small abomination (Elf:1)
  A deep elf knight (Vaults:5)
  A deep elf mage (Elf:1)
  A blink frog (shapeshifter) (Vaults:1)
  An orc wizard (Orc:2)
  An orc (D:11)
  A crawling corpse (Elf:1)
  A demonic plant (Gauntlet)
  8 fungi
  10 plants
  12 tentacles
39 creatures vanquished.

Grand Total: 2356 creatures vanquished

Notes
Turn   | Place    | Note
-------+----------+-------------------------------------------
     0 | D:1      | EnegeticOcto the Vine Stalker Air Elementalist began the
                  | quest for the Orb.
     0 | D:1      | Reached XP level 1. HP: 9/9 MP: 4/4
   489 | D:1      | Reached skill level 1 in Fighting
   602 | D:1      | Reached XP level 2. HP: 14/14 MP: 6/6
   641 | D:1      | Found a sparkling altar of Nemelex Xobeh.
   964 | D:1      | Became a worshipper of Nemelex Xobeh the Trickster
  1296 | D:2      | Received a gift from Nemelex Xobeh
  1624 | D:2      | Reached skill level 2 in Fighting
  1624 | D:2      | Reached skill level 1 in Invocations
  1624 | D:2      | Reached XP level 3. HP: 18/18 MP: 7/7
  1702 | D:2      | Found a hazy altar of Hepliaklqana.
  1948 | D:3      | Reached * piety under Nemelex Xobeh
  2209 | D:3      | Received a gift from Nemelex Xobeh
  2438 | D:3      | Gained mutation: Your natural rate of healing is unusually
                  | fast. [Vine Stalker growth]
  2438 | D:3      | Reached XP level 4. HP: 23/23 MP: 8/8
  2709 | D:3      | Reached skill level 2 in Invocations
  2765 | D:3      | Reached skill level 1 in Shields
  2774 | D:3      | Received a gift from Nemelex Xobeh
  3304 | D:4      | Reached skill level 3 in Fighting
  3304 | D:4      | Reached XP level 5. HP: 28/28 MP: 9/9
  3321 | D:4      | Found a transporter.
  3382 | D:4      | Reached skill level 2 in Shields
  3419 | D:4      | Reached skill level 3 in Invocations
  3419 | D:4      | Reached XP level 6. HP: 32/32 MP: 10/10
  3437 | D:4      | Found a staircase to the Ecumenical Temple.
  3445 | D:4      | Received a gift from Nemelex Xobeh
  3471 | D:4      | Reached ** piety under Nemelex Xobeh
  3572 | D:4      | Received a gift from Nemelex Xobeh
  3624 | D:4      | Noticed a phantom
  3760 | D:4      | Found a transporter.
  3762 | D:4      | Noticed an ice beast
  3762 | D:4      | Noticed an ice beast
  3762 | D:4      | Noticed an ice beast
  4006 | D:5      | Entered Level 5 of the Dungeon
  4045 | D:4      | Reached XP level 7. HP: 37/37 MP: 11/11
  4063 | D:4      | Reached skill level 4 in Fighting
  4063 | D:4      | Reached skill level 1 in Short Blades
  4138 | D:5      | Found a transporter.
  4170 | D:5      | Reached skill level 3 in Shields
  4190 | D:5      | Reached skill level 4 in Invocations
  4229 | D:5      | Reached skill level 2 in Short Blades
  4337 | D:5      | Got a twisted trident
  4338 | D:5      | Identified the +4 trident "Zihegygu" {vamp, *Rage Dex+3
                  | SInv} (You found it on level 5 of the Dungeon)
  4487 | D:5      | Found a transporter.
  4487 | D:5      | Noticed triki's ghost (novice FoAM)
  4491 | D:5      | Received a gift from Nemelex Xobeh
  4581 | D:5      | Reached skill level 3 in Short Blades
  4581 | D:5      | Gained mutation: You have razor-sharp teeth. [Vine Stalker
                  | growth]
  4581 | D:5      | Reached XP level 8. HP: 42/42 MP: 12/12
  4834 | D:6      | Reached *** piety under Nemelex Xobeh
  4895 | D:6      | Received a gift from Nemelex Xobeh
  4980 | D:6      | Reached skill level 4 in Short Blades
  4980 | D:6      | Reached skill level 4 in Shields
  5029 | D:6      | Found a radiant altar of Vehumet.
  5112 | D:6      | Found a sparkling altar of Nemelex Xobeh.
  5295 | D:6      | Found a glowing drain.
  5311 | D:6      | Reached skill level 5 in Fighting
  5325 | Sewer    | Entered a sewer
  5711 | D:6      | Reached skill level 5 in Short Blades
  5802 | D:6      | Received a gift from Nemelex Xobeh
  6046 | D:6      | Reached **** piety under Nemelex Xobeh
  6230 | D:7      | Received a gift from Nemelex Xobeh
  6389 | D:7      | Reached XP level 9. HP: 44/48 MP: 13/13
  6430 | D:7      | Received a gift from Nemelex Xobeh
  6572 | D:7      | Reached skill level 6 in Short Blades
  6629 | D:7      | Found Ucil's Assorted Antiques.
  6650 | D:7      | Bought a fuming purple potion for 23 gold pieces
  6650 | D:7      | Bought a bubbling cyan potion for 23 gold pieces
  6650 | D:7      | Bought a scroll of identify for 52 gold pieces
  6700 | D:7      | Reached skill level 1 in Evocations
  6729 | D:7      | Received a gift from Nemelex Xobeh
  6794 | D:7      | Reached skill level 1 in Armour
  6904 | D:7      | Reached skill level 6 in Fighting
  6992 | D:8      | Noticed Harold
  7001 | D:8      | Killed Harold
  7019 | D:8      | Reached skill level 2 in Evocations
  7054 | D:8      | Reached ***** piety under Nemelex Xobeh
  7066 | D:8      | Noticed Grum
  7070 | D:8      | Killed Grum
  7070 | D:8      | Reached skill level 2 in Armour
  7082 | D:8      | Reached skill level 7 in Short Blades
  7184 | D:8      | Found a shattered altar of Ashenzari.
  7616 | D:9      | Found Ditauv's Antique Weapon Emporium.
  7679 | D:9      | Found Nuuguyn's Assorted Antiques.
  7730 | D:9      | Bought a scroll of fog for 64 gold pieces
  7801 | D:9      | Found Ryurag's Antique Weapon Shop.
  7816 | D:9      | Noticed a hornet
  7824 | D:9      | Killed a hornet
  7824 | D:9      | Reached skill level 3 in Evocations
  7824 | D:9      | Reached XP level 10. HP: 41/53 MP: 8/14
  7847 | D:9      | Reached skill level 3 in Armour
  7870 | D:9      | Noticed an elephant
  7897 | D:9      | Received a gift from Nemelex Xobeh
  7976 | D:9      | Killed an elephant
  7976 | D:9      | Reached skill level 8 in Short Blades
  8019 | D:9      | Found a white marble altar of Elyvilon.
  8019 | D:9      | Found a basalt altar of Yredelemnul.
  8019 | D:9      | Found a bloodstained altar of Trog.
  8050 | D:9      | Found Dawkuh's Weapon Shoppe.
  8116 | D:9      | Reached skill level 7 in Fighting
  8259 | D:9      | Found a staircase to the Lair.
  8306 | D:9      | Found Faenawip's Magic Scroll Shoppe.
  8309 | D:9      | Bought a scroll of teleportation for 42 gold pieces
  8309 | D:9      | Bought a scroll of immolation for 49 gold pieces
  8351 | D:9      | Found an ancient bone altar of Kikubaaqudgha.
  8543 | D:10     | Entered Level 10 of the Dungeon
  8587 | D:10     | Noticed a two-headed ogre
  8596 | D:10     | Killed a two-headed ogre
  8596 | D:10     | Reached skill level 4 in Armour
  8596 | D:10     | Reached skill level 4 in Evocations
  8761 | D:10     | Received a gift from Nemelex Xobeh
  8999 | D:10     | Noticed Josephine
  9012 | D:10     | Reached skill level 9 in Short Blades
  9127 | D:10     | Killed Josephine
  9127 | D:10     | Reached XP level 11. HP: 59/59 MP: 15/15
  9472 | D:10     | Noticed a two-headed ogre
  9523 | D:10     | Killed a two-headed ogre
  9523 | D:10     | Reached skill level 5 in Invocations
  9558 | D:10     | Noticed a two-headed ogre
  9563 | D:10     | Killed a two-headed ogre
  9563 | D:10     | Reached skill level 8 in Fighting
  9563 | D:10     | Reached skill level 5 in Armour
  9573 | D:10     | Reached skill level 10 in Short Blades
  9777 | D:10     | Received a gift from Nemelex Xobeh
  9896 | Lair:1   | Entered Level 1 of the Lair of Beasts
 10102 | Lair:1   | Reached skill level 2 in Dodging
 10110 | Lair:1   | Reached skill level 6 in Invocations
 10355 | Lair:1   | Reached skill level 3 in Dodging
 10355 | Lair:1   | Noticed Prince Ribbit
 10548 | Lair:1   | Killed Prince Ribbit
 10924 | Lair:2   | Received a gift from Nemelex Xobeh
 10978 | Lair:2   | Reached skill level 7 in Invocations
 11153 | Lair:2   | Reached skill level 4 in Dodging
 11259 | Lair:2   | Gained mutation: You heal very quickly. [Vine Stalker
                  | growth]
 11259 | Lair:2   | Reached XP level 12. HP: 64/64 MP: 18/18
 11460 | Lair:2   | Received a gift from Nemelex Xobeh
 11466 | Lair:2   | Reached skill level 5 in Shields
 11865 | Lair:3   | Received a gift from Nemelex Xobeh
 11901 | Lair:3   | Noticed a death yak
 11901 | Lair:3   | Noticed a death yak
 11903 | Lair:3   | Noticed a death yak
 11905 | Lair:3   | a death yak changed into something unseen
 11905 | Lair:3   | Noticed a queen ant
 11905 | Lair:3   | a death yak changed into a queen ant
 11905 | Lair:3   | Noticed a storm dragon
 11905 | Lair:3   | a death yak changed into a storm dragon
 11908 | Lair:3   | Killed a queen ant
 11908 | Lair:3   | Reached skill level 5 in Dodging
 11908 | Lair:3   | Reached skill level 8 in Invocations
 11909 | Lair:3   | Noticed a death yak
 11917 | Lair:3   | Killed a storm dragon
 11925 | Lair:3   | Killed a ghost moth
 11925 | Lair:3   | Reached skill level 6 in Shields
 11929 | Lair:3   | Killed a death yak
 11933 | Lair:3   | Noticed Fannar
 11949 | Lair:3   | Killed Fannar
 12121 | Lair:3   | Found an ancient bone altar of Kikubaaqudgha.
 12561 | Lair:3   | Found a staircase to the Shoals.
 12581 | Lair:3   | Reached skill level 6 in Dodging
 12787 | Lair:4   | Reached skill level 9 in Invocations
 13019 | Lair:4   | Received a gift from Nemelex Xobeh
 13034 | Lair:4   | Reached ****** piety under Nemelex Xobeh
 13044 | Lair:4   | Reached skill level 7 in Shields
 13206 | Lair:4   | Found a hole to the Spider Nest.
 13250 | Lair:4   | Reached XP level 13. HP: 59/69 MP: 16/21
 13734 | Lair:4   | Received a gift from Nemelex Xobeh
 14614 | Lair:5   | Reached skill level 9 in Fighting
 14614 | Lair:5   | Reached skill level 10 in Invocations
 14679 | Lair:5   | Reached skill level 8 in Shields
 14814 | Lair:5   | Received a gift from Nemelex Xobeh
 15247 | Lair:6   | Entered Level 6 of the Lair of Beasts
 15481 | Lair:6   | Found a staircase to the Slime Pits.
 15514 | Lair:6   | Received a gift from Nemelex Xobeh
 15662 | Lair:6   | Found a shadowy altar of Dithmenos.
 15778 | Lair:6   | Received a gift from Nemelex Xobeh
 15787 | Lair:6   | Identified the +5 short sword of Accord {antimagic, MR+}
                  | (You found it on level 6 of the Lair of Beasts)
 15904 | Lair:6   | Reached skill level 9 in Shields
 16085 | Lair:6   | Reached skill level 10 in Fighting
 16572 | Lair:6   | Reached XP level 14. HP: 74/77 MP: 22/22
 16612 | Lair:6   | Reached skill level 1 in Throwing
 16836 | Lair:6   | Reached skill level 10 in Shields
 16836 | Lair:6   | Noticed an entropy weaver
 16840 | Lair:6   | Noticed an entropy weaver
 16843 | Lair:6   | Reached skill level 2 in Throwing
 16843 | Lair:6   | Killed an entropy weaver
 16843 | Lair:6   | Killed an entropy weaver
 16843 | Lair:6   | Reached skill level 11 in Fighting
 17325 | D:11     | Reached skill level 3 in Throwing
 17565 | D:11     | Received a gift from Nemelex Xobeh
 17566 | D:11     | Found Werump's Antique Armour Shop.
 17979 | D:11     | Found a staircase to the Orcish Mines.
 18336 | Orc:1    | Entered Level 1 of the Orcish Mines
 18429 | Orc:1    | Received a gift from Nemelex Xobeh
 18510 | Orc:1    | Reached skill level 4 in Throwing
 18751 | Orc:2    | Entered Level 2 of the Orcish Mines
 18768 | Orc:2    | Found a staircase to the Elven Halls.
 19256 | Orc:2    | Received a gift from Nemelex Xobeh
 19485 | Orc:1    | Noticed Urug
 19490 | Orc:1    | Killed Urug
 19612 | Orc:1    | Received a gift from Nemelex Xobeh
 19828 | Orc:1    | Found a roughly hewn altar of Beogh.
 19916 | Orc:2    | Reached skill level 11 in Shields
 20057 | Orc:2    | Reached skill level 5 in Throwing
 20565 | Orc:2    | Found Wooppyn's Assorted Antiques.
 20565 | Orc:2    | Found Seobbi's Assorted Antiques.
 20567 | Orc:2    | Found Geuga's Gadget Boutique.
 20569 | Orc:2    | Found Tiawk's Magic Scroll Emporium.
 20574 | Orc:2    | Bought a runed tower shield for 225 gold pieces
 20597 | Orc:2    | Bought a tin of tremorstones (3/3) for 680 gold pieces
 20597 | Orc:2    | Bought a wand of paralysis (12) for 238 gold pieces
 20602 | Orc:2    | Bought a scroll of holy word for 90 gold pieces
 20602 | Orc:2    | Bought a scroll of fog for 24 gold pieces
 20602 | Orc:2    | Bought a scroll of teleportation for 36 gold pieces
 21038 | Orc:2    | Bought an ancient broad axe for 270 gold pieces
 21038 | Orc:2    | Identified the +6 broad axe of Valiance {freeze, rElec
                  | rPois Int-2 Dex+2} (You bought it in a shop on level 2 of
                  | the Orcish Mines)
 21041 | Orc:2    | Bought a potion of haste for 220 gold pieces
 21041 | Orc:2    | Bought a short gold wand for 88 gold pieces
 21337 | D:12     | Received a gift from Nemelex Xobeh
 21775 | D:12     | Received a gift from Nemelex Xobeh
 22005 | D:12     | Found a portal to a secret trove of treasure.
 22328 | D:13     | Reached skill level 12 in Fighting
 22328 | D:13     | Reached XP level 15. HP: 73/84 MP: 23/23
 22383 | D:13     | Reached skill level 6 in Throwing
 22753 | D:13     | Received a gift from Nemelex Xobeh
 22770 | D:13     | Identified the +3 dagger "Xoleij" {drain, rPois} (You found
                  | it on level 13 of the Dungeon)
 22810 | D:13     | Noticed Frances
 22812 | D:13     | Noticed Frances
 22812 | D:13     | Frances changed into Frances the storm dragon
 22828 | D:13     | Killed Frances the storm dragon
 22969 | D:13     | Noticed Erolcha
 22979 | D:13     | Killed Erolcha
 22979 | D:13     | Reached skill level 7 in Throwing
 23133 | D:13     | Received a gift from Nemelex Xobeh
 23618 | D:13     | Reached skill level 12 in Shields
 24076 | D:14     | Noticed Nessos
 24078 | D:14     | Noticed Nessos
 24078 | D:14     | Nessos changed into Nessos the hippogriff
 24129 | D:14     | Killed Nessos the hippogriff
 24159 | D:14     | Received a gift from Nemelex Xobeh
 24344 | D:14     | Reached skill level 8 in Throwing
 24641 | D:14     | Found a gate to the Vaults.
 24801 | D:15     | Entered Level 15 of the Dungeon
 24912 | D:15     | Found a gate leading to a gauntlet.
 24919 | Gauntlet | Entered a Gauntlet
 24919 | Gauntlet | Found a transporter.
 24919 | Gauntlet | Found a transporter.
 24931 | Gauntlet | Found a transporter.
 24932 | Gauntlet | Found a transporter.
 24943 | Gauntlet | Found a transporter.
 24944 | Gauntlet | Found a transporter.
 24947 | Gauntlet | Found a runed translucent door.
 24947 | Gauntlet | Found a runed translucent door.
 24951 | Gauntlet | Found a transporter.
 24952 | Gauntlet | Found the amulet of the Four Winds {rN+ MR+++ Clar}
 24967 | Gauntlet | Found a transporter.
 24981 | Gauntlet | Found a transporter.
 24985 | Gauntlet | Found a transporter.
 24988 | Gauntlet | Received a gift from Nemelex Xobeh
 24996 | Gauntlet | Found a transporter.
 24997 | Gauntlet | Found a transporter.
 25263 | Gauntlet | Got a scintillating copper ring
 25266 | Gauntlet | Identified the ring of Attitude {rF+ rC+ AC+4 Stlth+} (You
                  | found it in a Gauntlet)
 25340 | Gauntlet | Reached skill level 9 in Throwing
 25561 | D:15     | Reached skill level 13 in Shields
 25640 | D:15     | Noticed a fire giant
 25681 | D:15     | Reached XP level 16. HP: 52/88 MP: 19/24
 25805 | D:15     | Found a staircase to the Depths.
 25805 | D:15     | Received a gift from Nemelex Xobeh
 26414 | D:15     | Reached skill level 10 in Throwing
 26811 | Shoals:1 | Entered Level 1 of the Shoals
 26856 | Shoals:1 | Found a flickering gateway to a bazaar.
 26886 | Shoals:1 | Received a gift from Nemelex Xobeh
 26917 | Bazaar   | Entered a bazaar
 26917 | Bazaar   | Found Paycs's Magic Scroll Emporium.
 26917 | Bazaar   | Found Ymnasoa's Antique Armour Emporium.
 26934 | Bazaar   | Bought a scroll of acquirement for 520 gold pieces
 26937 | Bazaar   | Found Eherysm's Antique Weapon Boutique.
 26948 | Bazaar   | Found Ekkiunlo's Gadget Shoppe.
 26956 | Bazaar   | Found Icuodghak's General Store.
 26998 | Bazaar   | Bought the +8 lance "Wyrmbane" {slay drac, rPois rF+ rC+
                  | AC+3} for 1292 gold pieces
 26998 | Bazaar   | Found the +8 lance "Wyrmbane" {slay drac, rPois rF+ rC+
                  | AC+3}
 27010 | Bazaar   | Bought a scroll of fog for 20 gold pieces
 27010 | Bazaar   | Bought a scroll of enchant armour for 75 gold pieces
 27010 | Bazaar   | Bought a scroll of teleportation for 30 gold pieces
 27018 | Bazaar   | Bought a fine cloak for 266 gold pieces
 27018 | Bazaar   | Bought a pair of bloodstained boots for 266 gold pieces
 27028 | Bazaar   | Bought a scroll of identify for 20 gold pieces
 27028 | Bazaar   | Bought a scroll of identify for 20 gold pieces
 27028 | Bazaar   | Bought a scroll of identify for 20 gold pieces
 27028 | Bazaar   | Identified the +4 cloak "Ytos" {+Blink rElec rF+++ Int-3}
                  | (You bought it in a shop in a bazaar)
 27051 | Bazaar   | Identified the +1 pair of boots of the Stone Wall {rF+
                  | rCorr} (You bought it in a shop in a bazaar)
 27091 | Bazaar   | Bought a scroll of blinking for 90 gold pieces
 27091 | Bazaar   | Bought a scroll of fog for 24 gold pieces
 27099 | Bazaar   | Bought a wand of iceblast (8) for 180 gold pieces
 27099 | Bazaar   | Bought a wand of clouds (4) for 360 gold pieces
 27099 | Bazaar   | Bought a wand of acid (5) for 270 gold pieces
 27107 | Bazaar   | Bought a wand of iceblast (3) for 84 gold pieces
 27190 | Shoals:1 | Reached skill level 1 in Polearms
 27388 | Shoals:1 | Reached skill level 2 in Polearms
 27504 | Shoals:1 | Reached skill level 3 in Polearms
 27838 | Shoals:1 | Found an iron altar of Okawaru.
 27843 | Shoals:1 | Noticed a kraken
 27909 | Shoals:2 | Received a gift from Nemelex Xobeh
 27982 | Shoals:2 | Found Qitof's Mayhem Merchandise.
 28012 | Shoals:2 | Reached skill level 4 in Polearms
 28173 | Shoals:2 | Identified the cursed -3 cloak "Pauzog" {rC+} (You found it
                  | on level 2 of the Shoals)
 28345 | Shoals:2 | Reached skill level 5 in Polearms
 28557 | Shoals:2 | Reached skill level 6 in Polearms
 28626 | Shoals:2 | Received a gift from Nemelex Xobeh
 28784 | Shoals:2 | Noticed a kraken
 28877 | Shoals:3 | Noticed Mara
 28878 | Shoals:3 | Identified the -2 quarterstaff of Greed {freeze, Fragile
                  | MP+9 Str+5 SInv}
 28889 | Shoals:3 | Killed Mara
 28889 | Shoals:3 | Reached skill level 7 in Polearms
 28992 | Shoals:3 | Noticed Louise
 29030 | Shoals:3 | Killed Louise
 29068 | Shoals:3 | Received a gift from Nemelex Xobeh
 29256 | Shoals:3 | Reached skill level 8 in Polearms
 29403 | Shoals:3 | Noticed Bai Suzhen
 29530 | Shoals:3 | Noticed a kraken
 29536 | Shoals:3 | Killed Bai Suzhen
 29536 | Shoals:3 | Reached skill level 9 in Polearms
 29536 | Shoals:3 | Reached XP level 17. HP: 67/93 MP: 16/25
 30107 | Shoals:3 | Reached skill level 10 in Polearms
 30248 | Spider:1 | Entered Level 1 of the Spider Nest
 30255 | Spider:1 | Noticed Aizul
 30481 | Spider:1 | Killed Aizul
 30505 | Spider:1 | Received a gift from Nemelex Xobeh
 30759 | Spider:1 | Received a gift from Nemelex Xobeh
 31089 | Spider:1 | Reached skill level 11 in Polearms
 31600 | Spider:2 | Received a gift from Nemelex Xobeh
 31834 | Spider:2 | Reached skill level 12 in Polearms
 32147 | D:12     | You paid a toll of 2 scrolls of acquirement to enter a
                  | treasure trove
 32148 | Trove    | Entered a treasure trove
 32148 | Trove    | Found the amulet of the Air {Inacc +Fly rElec EV+5 RMsl}
 32157 | Trove    | Got a slimy glass ring
 32158 | Trove    | Identified the ring "Xunt" {Str+3 Int+4 Stlth+} (You found
                  | it in a treasure trove)
 32161 | Trove    | Got a brightly glowing golden amulet
 32162 | Trove    | Identified the amulet "Uppik" {rElec Regen+} (You found it
                  | in a treasure trove)
 32167 | Trove    | Got a brightly glowing bone ring
 32168 | Trove    | Identified the ring "Nuttobb" {rF+ rC+ rCorr Str+3} (You
                  | found it in a treasure trove)
 32173 | Trove    | Got a smoking tin ring
 32174 | Trove    | Identified the ring of Neurosis {Fire Str+4} (You found it
                  | in a treasure trove)
 32177 | Trove    | Got a translucent glass ring
 32179 | Trove    | Got a pitted brass ring
 32183 | Trove    | Got a smoking amber ring
 32185 | Trove    | Got a scintillating amber ring
 32194 | Trove    | Got a transparent ivory ring
 32334 | D:9      | Bought a scroll of identify for 28 gold pieces
 32334 | D:9      | Bought a scroll of enchant armour for 105 gold pieces
 32335 | D:9      | Identified the ring of Intercession {Fire Slay+2} (You
                  | found it in a treasure trove)
 32355 | D:9      | Bought a scroll of identify for 64 gold pieces
 32355 | D:9      | Identified the ring "Oseox" {*Drain rElec rC+++ Str+6
                  | Int-2} (You found it in a treasure trove)
 32557 | Orc:2    | Bought a scroll of identify for 44 gold pieces
 32557 | Orc:2    | Identified the ring "Fapecuuv" {Fire Int+4} (You found it
                  | in a treasure trove)
 32560 | Orc:2    | Identified the ring of Xom's Capriciousness {Wiz Str+5}
                  | (You found it in a treasure trove)
 32563 | Orc:2    | Identified the cursed ring "Okhluac" {MR+ Int+4 Dex-4} (You
                  | found it in a treasure trove)
 33221 | Spider:2 | Paralysed by a hornet for 1 turns
 33786 | Spider:3 | Identified Daosiw's Collected Works on Cankerous Summoning
 33909 | Spider:3 | Received a gift from Nemelex Xobeh
 34322 | Spider:3 | Noticed Azrael
 34330 | Spider:3 | Reached skill level 6 in Armour
 34352 | Spider:3 | Reached skill level 14 in Shields
 34356 | Spider:3 | Killed Azrael
 34356 | Spider:3 | Reached XP level 18. HP: 38/98 MP: 21/26
 34680 | Spider:4 | Entered Level 4 of the Spider Nest
 34680 | Spider:4 | Received a gift from Nemelex Xobeh
 35359 | Spider:4 | Reached skill level 7 in Armour
 35367 | Spider:4 | Reached skill level 13 in Fighting
 36046 | Spider:4 | Received a gift from Nemelex Xobeh
 36183 | Spider:4 | Got a gossamer rune of Zot
 36529 | Shoals:4 | Entered Level 4 of the Shoals
 36542 | Shoals:4 | Found Idokod's Antique Weapon Boutique.
 36548 | Shoals:4 | Identified the +0 quarterstaff "Puaf" {venom, rN+ MR+
                  | Stlth+}
 36556 | Shoals:4 | Noticed Nikola
 36591 | Shoals:4 | Killed Nikola
 36811 | Shoals:4 | Reached skill level 8 in Armour
 36830 | Shoals:4 | Identified the -1 trident of an ice cave {vorpal, MR++
                  | Dex+3}
 37250 | Shoals:4 | Got a barnacled rune of Zot
 37281 | Shoals:4 | Found a runed translucent gate.
 37282 | Shoals:4 | Found a runed translucent gate.
 37283 | Shoals:4 | Found a runed translucent gate.
 37284 | Shoals:4 | Noticed Flugkiller's ghost (adept DECK)
 37285 | Shoals:4 | Received a gift from Nemelex Xobeh
 37325 | Shoals:4 | Reached skill level 15 in Shields
 37935 | Vaults:1 | Entered Level 1 of the Vaults
 37935 | Vaults:1 | Noticed Donald
 37962 | Vaults:1 | Killed Donald
 37962 | Vaults:1 | Reached XP level 19. HP: 98/105 MP: 24/27
 38119 | Vaults:1 | Found Lemereph's Distillery.
 38222 | Vaults:1 | Received a gift from Nemelex Xobeh
 38332 | Vaults:1 | Reached skill level 9 in Armour
 38366 | Vaults:1 | Reached skill level 14 in Fighting
 38598 | Vaults:1 | Bought a potion of might for 76 gold pieces
 38598 | Vaults:1 | Bought a potion of might for 76 gold pieces
 38598 | Vaults:1 | Bought a potion of stabbing for 76 gold pieces
 38598 | Vaults:1 | Bought a potion of mutation for 152 gold pieces
 38598 | Vaults:1 | Bought a potion of stabbing for 76 gold pieces
 38692 | Vaults:1 | Found a roughly hewn altar of Beogh.
 39152 | Vaults:1 | Received a gift from Nemelex Xobeh
 40012 | Vaults:2 | Noticed a lich
 40034 | Vaults:2 | Noticed an iron giant
 40034 | Vaults:2 | a vault warden changed into an iron giant
 40473 | Orc:2    | Bought a scroll of magic mapping for 42 gold pieces
 40473 | Orc:2    | Bought a scroll of magic mapping for 42 gold pieces
 40896 | Vaults:1 | Killed an iron giant
 40896 | Vaults:1 | Reached skill level 10 in Armour
 41110 | Vaults:1 | Killed a lich
 41358 | Vaults:2 | Reached skill level 16 in Shields
 41474 | Vaults:2 | Found a staircase to the Crypt.
 41700 | Vaults:2 | Received a gift from Nemelex Xobeh
 41817 | Vaults:2 | Reached XP level 20. HP: 112/112 MP: 26/28
 41836 | Vaults:2 | Reached skill level 15 in Fighting
 42121 | Vaults:2 | Received a gift from Nemelex Xobeh
 42874 | Vaults:3 | Reached skill level 11 in Throwing
 43058 | Vaults:3 | Received a gift from Nemelex Xobeh
 43818 | Vaults:3 | Reached skill level 17 in Shields
 44182 | Vaults:4 | Reached skill level 12 in Throwing
 44309 | Vaults:4 | Found Liellir's Food Boutique.
 44640 | Vaults:4 | Reached XP level 21. HP: 117/117 MP: 29/29
 44848 | Vaults:4 | Received a gift from Nemelex Xobeh
 45669 | Vaults:4 | Found Sofof Ifywex's Armour Emporium.
 45816 | Vaults:4 | Reached skill level 13 in Throwing
 45834 | Vaults:4 | Reached skill level 11 in Invocations
 45873 | Vaults:4 | Bought a +4 plate armour of fire resistance for 650 gold
                  | pieces
 46177 | Elf:1    | Entered Level 1 of the Elven Halls
 46530 | Elf:1    | Found Besh's Jewellery Shop.
 46726 | Elf:1    | Received a gift from Nemelex Xobeh
 46940 | Elf:1    | Reached skill level 18 in Shields
 47383 | Elf:2    | Found a runed translucent gate.
 47383 | Elf:2    | Found a runed translucent gate.
 47384 | Elf:2    | Found a runed translucent gate.
 47472 | Elf:2    | Found a transporter.
 47473 | Elf:2    | Received a gift from Nemelex Xobeh
 47475 | Elf:2    | Found a one-way gate to the infinite horrors of the Abyss.
 47475 | Elf:2    | Noticed Heg Cuhi's ghost (adept MiFi)
 47476 | Elf:2    | Found a transporter.
 47476 | Elf:2    | Identified the +7 rapier of Apeampor {distort, rElec Str+3
                  | Dex+3 Stlth+}
 47727 | Elf:3    | Entered Level 3 of the Elven Halls
 47916 | Elf:3    | Received a gift from Nemelex Xobeh
 48130 | Elf:3    | Reached skill level 12 in Invocations
 48275 | Elf:3    | Received a gift from Nemelex Xobeh
 48319 | Elf:3    | Reached XP level 22. HP: 102/123 MP: 32/32
 48595 | Elf:3    | Reached skill level 13 in Invocations
 48764 | Elf:3    | Found the brooch of Shielding {Spirit SH+8}
 48765 | Elf:3    | Found the +8 demon trident "Rift" {distort, reach+}
 48807 | Elf:3    | Got the amulet of the Trilobite {Faith *Contam rC+ rN+++
                  | Stlth-}
 48902 | Elf:3    | Identified the Incunabulum of Toxins
 49090 | Elf:3    | Received a gift from Nemelex Xobeh
 49569 | Depths:1 | Entered Level 1 of the Depths
 49768 | Depths:1 | Reached skill level 16 in Fighting
 49789 | Depths:1 | Reached skill level 14 in Invocations
 49852 | Depths:1 | Reached skill level 14 in Throwing
 50386 | Depths:1 | Received a gift from Nemelex Xobeh
 50417 | Depths:1 | Found a gateway to Hell.
 50748 | Depths:2 | Reached skill level 15 in Invocations
 50822 | Depths:1 | Reached XP level 23. HP: 128/128 MP: 35/35
 51127 | Depths:2 | Reached skill level 16 in Invocations
 51266 | Depths:2 | Received a gift from Nemelex Xobeh
 51496 | Depths:2 | Received a gift from Nemelex Xobeh
 51745 | Depths:2 | Received a gift from Nemelex Xobeh
 51757 | Depths:2 | Noticed a juggernaut
 51780 | Depths:2 | Noticed a juggernaut
 51802 | Depths:2 | Identified the +1 trident of Inconvenience {vorpal, Str+4
                  | Dex-5}
 51811 | Depths:2 | Identified the -2 quarterstaff "Nuroban" {chaos, rElec rF+
                  | Str+2}
 51819 | Depths:2 | Killed a juggernaut
 51833 | Depths:2 | a juggernaut changed into a titan
 51925 | Depths:2 | Reached skill level 5 in Evocations
 52031 | Depths:2 | Identified the ring "Riemor" {+Fly rN+ Str+6 Dex-5 SInv}
 52439 | Depths:2 | Reached skill level 17 in Invocations
 52497 | Depths:2 | Identified the +2 kite shield of the Hills {rElec MR++
                  | rCorr Str+2} (You found it on level 2 of the Depths)
 52500 | Depths:2 | Identified the ring "Boew" {*Tele rElec} (You found it on
                  | level 2 of the Depths)
 52741 | Depths:3 | You fall into a shaft and drop 2 floors!
 52741 | Depths:5 | Entered Level 5 of the Depths
 52822 | Depths:5 | Found a gate to the Realm of Zot.
 52845 | Depths:5 | Reached skill level 6 in Evocations
 52861 | Depths:5 | Reached skill level 19 in Shields
 53061 | Depths:5 | Received a gift from Nemelex Xobeh
 53413 | Depths:5 | Reached XP level 24. HP: 134/135 MP: 36/36
 53562 | Depths:5 | Reached skill level 7 in Evocations
 53837 | Depths:5 | Found a runed translucent gate.
 53837 | Depths:5 | Found a runed translucent gate.
 53837 | Depths:5 | Found a runed translucent gate.
 53989 | Depths:5 | Received a gift from Nemelex Xobeh
 54002 | Depths:5 | Reached skill level 15 in Throwing
 54145 | Depths:5 | Noticed an ancient lich
 54146 | Depths:5 | Noticed Gont's ghost (legendary DrMo)
 54463 | Depths:4 | Received a gift from Nemelex Xobeh
 54771 | Depths:4 | Reached skill level 18 in Invocations
 54881 | Depths:4 | Reached skill level 17 in Fighting
 55000 | Depths:4 | Noticed a juggernaut
 55019 | Depths:4 | Noticed a caustic shrike
 55025 | Depths:4 | Noticed a caustic shrike
 55030 | Depths:4 | Killed a juggernaut
 55037 | Depths:4 | Killed a caustic shrike
 55044 | Depths:4 | Killed a caustic shrike
 55047 | Depths:4 | Identified the ring "Purabb" {rC+ MR+ AC+4 Int+4}
 55151 | Depths:4 | Received a gift from Nemelex Xobeh
 55663 | Depths:4 | Received a gift from Nemelex Xobeh
 56306 | Depths:3 | Found a gateway to a ziggurat.
 56373 | Depths:3 | Noticed Saint Roka
 56376 | Depths:3 | Noticed Saint Roka
 56376 | Depths:3 | Saint Roka changed into Saint Roka the acid blob
 56382 | Depths:3 | Killed Saint Roka the acid blob
 56507 | Depths:3 | Reached XP level 25. HP: 137/140 MP: 37/37
 56739 | Depths:3 | Found a runed translucent gate.
 56740 | Depths:3 | Found a runed translucent gate.
 56741 | Depths:3 | Received a gift from Nemelex Xobeh
 56741 | Depths:3 | Found a runed translucent gate.
 56742 | Depths:3 | Found the +3 robe of Clouds {+Thunder rCloud rElec}
 56742 | Depths:3 | Noticed an ancient lich
 56742 | Depths:3 | Noticed Xinkos's ghost (legendary DrMo)
 57257 | Slime:1  | Entered Level 1 of the Pits of Slime
 57498 | Slime:4  | Reached skill level 19 in Invocations
 57515 | Slime:4  | Received a gift from Nemelex Xobeh
 57569 | Slime:5  | Entered Level 5 of the Pits of Slime
 57632 | Slime:5  | Found a viscous altar of Jiyva.
 57634 | Slime:5  | Noticed the Royal Jelly
 57672 | Slime:5  | Killed the Royal Jelly
 57781 | Slime:5  | Got a bound ivory ring
 57782 | Slime:5  | Identified the ring "Axkoeneg" {+Fly rElec rC++ rCorr
                  | Dex-3} (You found it on level 5 of the Pits of Slime)
 57793 | Slime:5  | Got a slimy rune of Zot
 58343 | Vaults:5 | Entered Level 5 of the Vaults
 58385 | Vaults:5 | Received a gift from Nemelex Xobeh
 58670 | Vaults:5 | Reached skill level 7 in Dodging
 58679 | Vaults:5 | Reached skill level 8 in Evocations
 58718 | Vaults:5 | Reached skill level 16 in Throwing
 58939 | Vaults:5 | Got a silver rune of Zot
 59247 | Vaults:5 | Reached skill level 9 in Evocations
 59268 | Vaults:5 | Reached skill level 8 in Dodging
 59508 | Vaults:5 | Found Iniuw's Distillery.
 59518 | Vaults:5 | Bought a potion of lignification for 63 gold pieces
 59518 | Vaults:5 | Bought a potion of curing for 63 gold pieces
 59518 | Vaults:5 | Bought a potion of curing for 63 gold pieces
 59518 | Vaults:5 | Bought a potion of curing for 63 gold pieces
 59518 | Vaults:5 | Bought a potion of haste for 210 gold pieces
 59518 | Vaults:5 | Bought 2 potions of might for 168 gold pieces
 59567 | Vaults:5 | Received a gift from Nemelex Xobeh
 59589 | Vaults:5 | Reached XP level 26. HP: 144/147 MP: 37/37
 59630 | Vaults:5 | Reached skill level 18 in Fighting
 59660 | Vaults:5 | Reached skill level 9 in Dodging
 59679 | Vaults:5 | Found Caco's Gadget Shoppe.
 59689 | Vaults:5 | Identified the +1 helmet of Kikubaaqudgha's Favour {rElec
                  | rF- rN+++ SInv} (You found it on level 5 of the Vaults)
 59707 | Vaults:5 | Bought a box of beasts for 260 gold pieces
 59707 | Vaults:5 | Bought a box of beasts for 260 gold pieces
 59707 | Vaults:5 | Bought a wand of clouds (6) for 390 gold pieces
 59908 | Vaults:5 | Noticed an ancient lich
 59924 | Vaults:5 | Killed an ancient lich
 59980 | Vaults:5 | Reached skill level 10 in Dodging
 59980 | Vaults:5 | Reached skill level 20 in Invocations
 60040 | Vaults:5 | Found Qesigu's Jewellery Shoppe.
 60064 | Vaults:5 | Found Taehinup's Gadget Shoppe.
 60069 | Vaults:5 | Bought a wand of acid (8) for 384 gold pieces
 60369 | Vaults:5 | Found Lablasch's Distillery.
 60406 | Vaults:5 | Bought a potion of resistance for 140 gold pieces
 60406 | Vaults:5 | Bought a potion of haste for 140 gold pieces
 60406 | Vaults:5 | Bought a potion of magic for 112 gold pieces
 60406 | Vaults:5 | Bought a potion of magic for 112 gold pieces
 60406 | Vaults:5 | Bought a potion of resistance for 140 gold pieces
 60406 | Vaults:5 | Bought a potion of ambrosia for 112 gold pieces
 60425 | Vaults:5 | Found Tovvenn's Distillery.
 60429 | Vaults:5 | Bought a potion of mutation for 120 gold pieces
 60429 | Vaults:5 | Bought 2 potions of haste for 300 gold pieces
 60429 | Vaults:5 | Bought a potion of resistance for 150 gold pieces
 60429 | Vaults:5 | Bought a potion of experience for 750 gold pieces
 60429 | Vaults:5 | Bought a potion of mutation for 120 gold pieces
 60429 | Vaults:5 | Bought a potion of might for 60 gold pieces
 60429 | Vaults:5 | Bought a potion of invisibility for 120 gold pieces
 60429 | Vaults:5 | Reached XP level 27. HP: 153/153 MP: 38/38
 60885 | Zot:1    | Entered Level 1 of the Realm of Zot
 61046 | Zot:2    | Noticed an orb of fire
 61059 | Zot:2    | Gained mutation: Your magical capacity is low. (-10% MP)
                  | [an orb of fire]
 61064 | Zot:2    | Gained mutation: Your body sometimes deteriorates upon
                  | taking damage. [an orb of fire]
 61071 | Zot:2    | Killed an orb of fire
 61087 | Zot:2    | Lost mutation: Your magical capacity is low. (-10% MP)
                  | [potion of mutation]
 61087 | Zot:2    | Lost mutation: Your body sometimes deteriorates upon taking
                  | damage. [potion of mutation]
 61087 | Zot:2    | Gained mutation: Your spells are a little harder to cast,
                  | but a little more powerful. [potion of mutation]
 61087 | Zot:2    | Gained mutation: You are resistant to electric shocks.
                  | (rElec) [potion of mutation]
 61119 | Zot:2    | Received a gift from Nemelex Xobeh
 61216 | Zot:2    | Reached skill level 19 in Fighting
 61576 | Zot:2    | Found a hazy altar of Hepliaklqana.
 61586 | Zot:2    | Reached skill level 21 in Invocations
 61700 | Zot:2    | Received a gift from Nemelex Xobeh
 61955 | Zot:2    | Received a gift from Nemelex Xobeh
 62110 | Zot:2    | You fall into a shaft and drop 1 floor!
 62110 | Zot:3    | Found a shimmering altar of Xom.
 62730 | Zot:5    | Entered Level 5 of the Realm of Zot
 62836 | Zot:5    | Noticed an ancient lich
 62836 | Zot:5    | Noticed an ancient lich
 62839 | Zot:5    | Received a gift from Nemelex Xobeh
 62841 | Zot:5    | Reached skill level 20 in Fighting
 62843 | Zot:5    | Noticed an ancient lich
 62846 | Zot:5    | Noticed an orb of fire
 62846 | Zot:5    | Noticed an orb of fire
 62862 | Zot:5    | Gained mutation: You have sharp toenails. [an orb of fire]
 62863 | Zot:5    | Gained mutation: Your body sometimes deteriorates upon
                  | taking damage. [an orb of fire]
 62866 | Zot:5    | Gained mutation: You tend to lose your temper in combat.
                  | [an orb of fire]
 62868 | Zot:5    | Killed an ancient lich
 62878 | Zot:5    | Killed an orb of fire
 62895 | Zot:5    | Killed an orb of fire
 62895 | Zot:5    | Reached skill level 22 in Invocations
 62927 | Zot:5    | Noticed an orb of fire
 62951 | Zot:5    | Noticed an orb of fire
 62951 | Zot:5    | Noticed an orb of fire
 62951 | Zot:5    | Noticed an orb of fire
 62963 | Zot:5    | Noticed an ancient lich
 62998 | Zot:5    | Got the Orb of Zot
 63025 | Zot:5    | Gained mutation: Armour fits poorly on your strangely
                  | shaped body. [an orb of fire]
 63116 | Zot:2    | Noticed Emoabelan the pandemonium lord
 63146 | Depths:5 | Lost mutation: You tend to lose your temper in combat.
                  | [potion of mutation]
 63146 | Depths:5 | Lost mutation: Your body sometimes deteriorates upon taking
                  | damage. [potion of mutation]
 63146 | Depths:5 | Lost mutation: You have sharp toenails. [potion of
                  | mutation]
 63146 | Depths:5 | Lost mutation: You are resistant to electric shocks.
                  | (rElec) [potion of mutation]
 63146 | Depths:5 | Gained mutation: You are robust. (+10% HP) [potion of
                  | mutation]
 63146 | Depths:5 | Gained mutation: Your mind is acute. (Int +2) [potion of
                  | mutation]
 63237 | D:15     | Noticed Fidew the pandemonium lord
 63484 | D:$      | Escaped with the Orb!

Illustrated notes

Levels and vault maps discovered:
D:1:      mrwooster_arrival_statue_3, layout_rooms, nemelex_diamond_rough_becter
D:2:      layout_loops_ring, nicolae_overflow_hidden_temple
D:3:      layout_basic
D:4:      gammafunk_cloud_chamber, layout_rooms, minmay_temple_entry_grid,
          first_ration
D:5:      layout_rooms, gammafunk_ghost_arena
D:6:      layout_gridville, kennysheep_mini_moat, lemuel_doored_altar,
          gup_sewer_entry_glass
D:7:      layout_gridville, serial_shops, nicolae_shop_overgrown_old_shop
D:8:      layout_cave_pools, cheibrodos_ashenzari_chains, uniq_harold, uniq_grum
D:9:      layout_irregular_city, kennysheep_little_box,
          gammafunk_temple_overflow_claw, david_lair_generic, serial_shops,
          nicolae_shop_waterfront, shop, shop, kennysheep_mini,
          nicolae_shop_behind_doors
D:10:     layout_cave_pods, minmay_puff, uniq_josephine
D:11:     layout_small_grid, erik_orc_2, serial_shops, shop
D:12:     layout_layer_cave, nicolae_trove_entry_path_of_doom
D:13:     minmay_goldmine, layout_irregular_city, hangedman_ranch
          [blue_anna_fruit_fields], uniq_frances, uniq_erolcha
D:14:     layout_irregular_city, david_vaults_5, uniq_nessos
D:15:     grunt_enter_depths_giant_problem, layout_basic, gauntlet_entry_generic
Lair:1:   layout_cellular_growth, uniq_prince_ribbit2
Lair:2:   layout_regular_city, lemuel_fruit_fields
Lair:3:   layout_gridlike, minmay_shoals_entry_hut, lemuel_centaur_altar,
          uniq_fannar
Lair:4:   layout_gridlike, nicolae_spider_entry_tight_spaces,
          grunt_megastairs_5, lemuel_fruit_tree, lemuel_fruit_fields
Lair:5:   layout_roguey, worms_lemuel
Lair:6:   hangedman_lair_in_review, layout_regular_city,
          nicolae_slime_entry_slimehenge, basic_altar,
          chequers_serial_rivers_room_a, zaba_antful_of_joy
Shoals:1: layout_shoals, serial_shops, bzr_entry_customers,
          nicolae_shoals_circle_sea_wall, wheals_shoals_ruined_temple
Shoals:2: layout_shoals, portal_ice_cave_entry_ice_statue_one,
          minmay_shop_mayhem
Shoals:3: layout_shoals, uniq_louise, uniq_bai_suzhen, uniq_mara
Shoals:4: shoals_end_simple, layout_shoals, gammafunk_ghost_necromancy,
          serial_shops, shop, uniq_nikola
Spider:1: layout_spider_delve, uniq_aizul
Spider:2: layout_spider_delve
Spider:3: layout_spider_delve, spiders_nest_the_unseen, uniq_azrael
Spider:4: guppyfry_spider_rune
Slime:1:  layout_caves
Slime:2:  layout_caves
Slime:3:  layout_caves, cheibrodos_slime_lost_civilization_5
Slime:4:  cheibrodos_slime_lost_civilization_9, layout_caves,
          nicolae_slime_phagocytosis
Slime:5
Orc:1:    layout_diamond_mine, lemuel_statue_altar, uniq_urug
Orc:2:    st_orc_rangers, layout_diamond_mine
Elf:1:    eino_elf_arrival_the_gate, layout_geoelf_octagon, serial_shops, shop,
          minmay_elf_crystal_heptagon
Elf:2:    layout_geoelf_diagonals, gammafunk_ghost_abyssal_escape,
          hangedman_elven_pyramids
Elf:3:    minmay_elf_hall_furrowed, layout_geoelf_castle, drop_trap
Vaults:1: hangedman_vaults_pinch, v_misc_28, nicolae_vaults_network_barrier,
          special_room_vaults [special_room_orc], hangedman_vaults_capsules,
          nicolae_vaults_little_squares_1, vaults_dpeg_ring,
          vaults_room_mumra_shop_pool, layout_vaults_omnigrid, uniq_donald
Vaults:2: minmay_crypt_entry_simple_box, nicolae_vaults_circle_grid_b,
          hangedman_vaults_trim, grunt_vaults_hallway_long,
          vaults_room_semicircle, v_misc_12, v_misc_24, vaults_mumra_hex,
          nicolae_vaults_little_squares_6, layout_vaults_big_room
Vaults:3: ontoclasm_vaults_misaligned, vaults_room_glass_cross,
          vaults_mumra_hexcomb, vaults_mumra_minichess,
          ontoclasm_vaults_ring_large, nicolae_vaults_windows_and_doors_thing,
          hangedman_vaults_stretched_pinwheel, nicolae_vaults_bisected_exclaves,
          layout_vaults_omnibox
Vaults:4: v_pattern_4, nicolae_vaults_stairing_the_circle, grunt_vaults_focal,
          st_lattice, ontoclasm_vaults_loading_screen, vaults_standard_mumra_x,
          ontoclasm_vaults_ring_large, nicolae_vaults_angled_halls,
          grunt_vaults_funnel, dpeg_vaults_monster_box, grunt_vaults_swirl,
          layout_vaults_maze, serial_shops, shop_coins
Vaults:5
Depths:1: layout_cave_pools, grunt_mini_vestibule, laboratory
Depths:2: little_maze_vault, layout_cave_pools, pf_hell_entry_tar_river,
          serial_bayou_shore_a
Depths:3: kennysheep_bubble_arena, layout_basic, enter_ziggurat_d, hell_entry,
          pan_entry, gammafunk_ghost_necromancy, abyss_entry_small_statue_room,
          firewood_loft, uniq_saint_roka
Depths:4: minmay_the_grid_triangle_9x9_recursive_2_mashed
          [minmay_the_grid_triangle_9x9_prize_top_heavy,
          minmay_the_grid_triangle_9x9_intruding_spiral,
          minmay_the_grid_triangle_9x9_impossible_snake,
          minmay_the_grid_triangle_9x9_longest], layout_basic,
          serial_co_window_serial, co_window_corner_a, co_window_cross_1,
          co_window_paths_a, co_window_cross_1, co_window_corner_a,
          co_window_broadway_c, co_window_paths_c, co_window_paths_c,
          co_window_unsneaky_path_b, co_window_4corner_a, co_window_paths_e,
          glass_columns_a, glass_columns_a, glass_columns_b, glass_columns_a,
          hell_entry, nrook_mini_vaults, marbit_kobold_abyss_entry
Depths:5: grunt_zot_entry_tricorne, layout_basic, hell_entry,
          chequers_serial_rivers_large_a, gammafunk_ghost_necromancy,
          abyss_entry
Zot:1:    layout_cellular_growth, lemuel_baited_zot_trap, grunt_ministairs_7,
          grunt_megastairs_3
Zot:2:    gammafunk_mikee_crab_dinner, layout_cathedral_of_symmetry, basic_altar
Zot:3:    kennysheep_blocky_room, layout_basic, basic_altar
Zot:4:    layout_gridlike
Zot:5:    layout_basic

Skill      XL: |  1  2  3  4  5  6  7  8  9 10 11 12 13 14 15 16 17 18 19 20 21 22 23 24 25 26 27 |
---------------+----------------------------------------------------------------------------------+-----
Fighting       | 1 2 3 4 5 6 7 8 10 12 13 14 15 16 17 18 20 | 20.6
Invocations    | 1 2 3 4 7 9 10 12 15 17 18 19 20 22 | 22.4
Shields        | 1 2 3 4 7 9 11 13 14 15 16 17 18 19 | 19.6
Short Blades   | 3 5 7 9 10 | 10.1
Evocations     | 3 4 6 7 9 |  9.0
Armour         | 2 4 5 6 8 10 | 10.0
Dodging        | 4 6 8 10 | 10.0
Throwing       | 5 9 10 12 13 14 15 16 | 16.0
Polearms       | 9 12 | 12.0
Stealth        | |  2.4
Spellcasting   | |  2.1
Conjurations   | |  1.0
Air Magic      | |  3.0

Action                   |  1- 3 |  4- 6 |  7- 9 | 10-12 | 13-15 | 16-18 | 19-21 | 22-24 | 25-27 || total
-------------------------+-------+-------+-------+-------+-------+-------+-------+-------+-------++-------
Melee: Unarmed           |    13 |       |       |       |       |       |       |       |       ||    13
       Spear             |   129 |    76 |       |       |       |       |       |       |       ||   205
       Bite              |    32 |    72 |   216 |   275 |   876 |   653 |   819 |   712 |   610 ||  4265
       Long sword        |       |   161 |       |       |       |       |       |       |       ||   161
       Dagger            |       |     9 |       |   499 |  2356 |   193 |       |       |       ||  3057
       Short sword       |       |    23 |   716 |   311 |       |       |       |       |       ||  1050
       Lance             |       |       |       |       |       |  2322 |  2349 |  2020 |  1498 ||  8189
Throw: Dart              |       |     4 |    11 |    13 |    17 |     2 |       |       |       ||    47
       Boomerang         |       |       |       |       |    62 |   143 |       |   101 |       ||   306
       Javelin           |       |       |       |       |       |    10 |   139 |    98 |   170 ||   417
       Throwing net      |       |       |       |       |       |       |     1 |       |     1 ||     2
 Cast: Shock             |     9 |       |       |       |       |       |       |       |       ||     9
Invok: Draw Destruction  |       |     3 |     1 |    18 |     2 |    19 |     4 |     2 |       ||    49
       Draw Summoning    |       |       |     2 |     7 |     3 |    16 |     2 |    16 |     4 ||    50
       Triple Draw       |       |       |       |     1 |     1 |       |       |       |     2 ||     4
       Draw Stack        |       |       |       |       |     1 |     1 |       |       |       ||     2
       Stack Five        |       |       |       |       |     1 |       |       |       |       ||     1
       Draw Escape       |       |       |       |       |       |       |     1 |       |       ||     1
       Deal Four         |       |       |       |       |       |       |       |     3 |     8 ||    11
 Abil: Evoke Blink       |       |       |       |       |       |       |     1 |       |     4 ||     5
Evoke: Lightning rod     |       |       |       |       |     9 |       |       |       |       ||     9
       Wand              |       |       |       |       |     6 |    26 |     6 |     1 |     1 ||    40
       Tin of tremorston |       |       |       |       |       |    14 |     7 |     5 |     3 ||    29
       Box of beasts     |       |       |       |       |       |       |       |       |     5 ||     5
  Use: Scroll            |     4 |     9 |    10 |     6 |    22 |    31 |     9 |     8 |    22 ||   121
       Potion            |       |       |       |     1 |     1 |     4 |     4 |     1 |    13 ||    24
 Stab: Sleeping          |     8 |     1 |       |       |       |       |     2 |       |     5 ||    16
       Petrified         |       |       |       |       |     2 |       |     4 |     6 |       ||    12
       Paralysed         |       |       |       |       |     2 |    16 |       |       |       ||    18
       Distracted        |       |       |       |       |     1 |     6 |     1 |     4 |     3 ||    15
       Petrifying        |       |       |       |       |       |       |       |     2 |       ||     2
       Invisible         |       |       |       |       |       |       |       |     6 |       ||     6
       Held in net/web   |       |       |       |       |       |       |       |       |     2 ||     2
  Eat: Chunk             |     5 |     6 |    13 |    18 |    29 |    28 |    33 |    15 |     7 ||   154
       Ration            |       |       |       |       |     4 |     4 |     1 |     5 |     6 ||    20
Armor: Robe              |     5 |       |       |       |       |       |       |       |       ||     5
       Ring mail         |    20 |    24 |       |       |       |       |       |       |       ||    44
       Chain mail        |       |   104 |   290 |   184 |   449 |   770 |    42 |       |       ||  1839
       Plate armour      |       |       |       |       |       |       |   388 |   398 |   327 ||  1113
       Skin              |       |       |       |       |       |       |     9 |       |       ||     9
Dodge: Dodged            |    96 |   177 |   225 |   171 |   338 |   282 |   107 |   142 |   144 ||  1682
       Repelled          |       |       |       |       |     2 |     1 |       |       |       ||     3
Block: Buckler           |       |    55 |   152 |    60 |       |       |       |       |       ||   267
       Tower shield      |       |       |       |   190 |  1529 |  2737 |  1855 |  1447 |   964 ||  8722
       Reflection        |       |       |       |       |       |    83 |   183 |    12 |       ||   278
       Rpst.: Long sword |       |    31 |       |       |       |       |       |       |       ||    31
